 Dungeon Crawl Stone Soup version 0.19.5 (webtiles) character file.

1019 theElss the Basher (level 8, -1/50 HPs)
             Began as a Gargoyle Berserker on Apr 9, 2017.
             Was a Priest of Trog.
             Slain by Menkaure (15 damage)
             ... on level 5 of the Dungeon.
             The game lasted 00:13:26 (3661 turns).

theElss the Basher (Gargoyle Berserker)             Turns: 3661, Time: 00:13:26

Health: -1/50      AC: 11    Str: 24    XL:     8   Next: 22%
Magic:  8/8        EV: 11    Int:  7    God:    Trog [***...]
Gold:   215        SH:  0    Dex:  9    Spells: 0 memorised, 7 levels left

rFire  . . .     SeeInvis .     a - +1 mace
rCold  . . .     Gourm    .     g - +3 leather armour
rNeg   + . .     Faith    .     (no shield)
rPois  ∞         Spirit   .     (no helmet)
rElec  +         Reflect  .     (no cloak)
rCorr  .         Harm     .     (no gloves)
MR     .....                    (no boots)
Stlth  +.........               (no amulet)
                                (no ring)
                                m - ring of flight

@: exhausted, slowed, very slow
A: negative energy resistance 1, electricity resistance, unbreathing,
petrification resistance, rot immunity, AC +5
a: Berserk, Trog's Hand, Burn Spellbooks, Renounce Religion, Evoke Flight


You were on level 5 of the Dungeon.
You worshipped Trog.
Trog was most pleased with you.
You were not hungry.

You visited 1 branch of the dungeon, and saw 5 of its levels.

You collected 215 gold pieces.

Inventory:

Hand Weapons
 a - a +1 mace (weapon)
Armour
 g - a +3 leather armour (worn)
Jewellery
 m - a ring of flight (left hand)
Scrolls
 h - a scroll of identify
 k - a scroll of fear {unknown}
 n - a scroll of amnesia {unknown}
 o - 2 scrolls of magic mapping
 q - a scroll of remove curse {unknown}
 t - 2 scrolls of enchant armour {unknown}
Potions
 b - a potion of lignification
 d - a potion of haste {unknown}
 e - 2 potions of curing
 i - a potion of agility {unknown}
 j - a potion of berserk rage {unknown}
 l - 2 potions of magic
 p - a potion of cancellation {unknown}
 r - a potion of might {unknown}
 u - a potion of heal wounds {unknown}
Books
 s - a book of Changes

   Spells                             Type                      Level
   a - Beastly Appendage              Transmutation                1
   b - Sticks to Snakes               Transmutation                2
   c - Spider Form                    Transmutation/Poison         3
   d - Ice Form                       Ice/Transmutation            4
   e - Blade Hands                    Transmutation                5
   Trog disapproves of the use of such an item.
Comestibles
 c - 2 bread rations
 f - a meat ration
 v - 3 chunks of flesh


   Skills:
 + Level 5.4 Fighting
 * Level 9.0 Maces & Flails
 - Level 2.1 Armour
 - Level 1.5 Dodging


You had 7 spell levels left.
You didn't know any spells.

Dungeon Overview and Level Annotations

Branches:
Dungeon (5/15)
 Temple: D:4-7

Altars:
Dithmenos
Elyvilon
Fedhas
Xom
Yredelemnul

Annotations:
D:5 Menkaure


Innate Abilities, Weirdness & Mutations

You are resistant to torment.
Your stone body is resilient. (AC +5)
You are immune to poison.
You resist negative energy. (rN+)
You are resistant to electric shocks. (rElec)
You can survive without breathing.
You are immune to petrification.
You are immune to rotting.


Message History

Menkaure is severely damaged.
You feel the effects of Trog's Hand fading.
Menkaure closely misses you.
Menkaure calls on the powers of darkness!
Your body is wracked with pain!
You hit Menkaure.
Menkaure is severely damaged.
Menkaure barely misses you. Menkaure closely misses you.
You completely miss Menkaure.
Menkaure is severely damaged.
Menkaure hits you!
You hit Menkaure but do no damage.
Menkaure is severely damaged.
Your skin stops crawling.
You feel less resistant to hostile enchantments.
Menkaure hits you!
* * * LOW HITPOINT WARNING * * *
Menkaure gestures ominously.
Menkaure hits you!
You die...

##...... #.......
##.###### ##### #.##
##...###.# .##
#....##.## ....###
##.÷.....#
.......######...###..##
.......)..M@.####
#...## .....####)####
#....# ... #..# #....##
. #.## #.....## #..
#......## #.M #.......#
#.# #.......## ..
#........# #.#
#.........


You could see Menkaure.

Vanquished Creatures
  Sigmund (D:5)
  Eustachio (D:4)
  A sky beast (D:5)
  An ogre (D:5)
  A gnoll sergeant (D:5)
  A scorpion (D:4)
  2 crimson imps (D:5)
  2 hounds
  A bullfrog skeleton (D:5)
  An iguana (D:4)
  2 worker ants (D:4)
  4 gnolls
  7 adders
  An ooze (D:1)
  An adder skeleton (D:4)
  4 worms
  2 dart slugs (D:1)
  4 leopard geckos
  6 orcs
  6 bats
  4 giant cockroaches
  9 goblins
  7 hobgoblins
  3 kobolds
  5 quokkas
  3 ball pythons (D:4)
  5 frilled lizards
  A quokka skeleton (D:5)
  3 rats
89 creatures vanquished.

Notes
Turn   | Place    | Note
-------+----------+-------------------------------------------
     0 | D:1      | theElss the Gargoyle Berserker began the quest for the Orb.
     0 | D:1      | Reached XP level 1. HP: 14/14 MP: 1/1
    95 | D:1      | Reached XP level 2. HP: 17/19 MP: 2/2
   326 | D:1      | Reached XP level 3. HP: 23/23 MP: 3/3
   375 | D:1      | Reached skill level 4 in Maces & Flails
   526 | D:1      | Found a shimmering altar of Xom.
   679 | D:2      | Reached ** piety under Trog
   749 | D:2      | Found a blossoming altar of Fedhas.
   749 | D:2      | Found a shadowy altar of Dithmenos.
   781 | D:2      | Reached XP level 4. HP: 18/29 MP: 4/4
  1671 | D:3      | Reached skill level 5 in Maces & Flails
  1760 | D:3      | Reached XP level 5. HP: 31/33 MP: 5/5
  2256 | D:4      | Noticed Eustachio
  2273 | D:3      | Reached *** piety under Trog
  2460 | D:4      | Reached XP level 6. HP: 29/39 MP: 6/6
  2466 | D:4      | Reached skill level 6 in Maces & Flails
  2519 | D:4      | Killed Eustachio
  3000 | D:4      | Reached skill level 7 in Maces & Flails
  3000 | D:4      | Reached XP level 7. HP: 29/44 MP: 7/7
  3161 | D:5      | Entered Level 5 of the Dungeon
  3341 | D:5      | Found a basalt altar of Yredelemnul.
  3362 | D:5      | Reached skill level 5 in Fighting
  3362 | D:5      | Reached skill level 8 in Maces & Flails
  3418 | D:5      | Found a white marble altar of Elyvilon.
  3621 | D:5      | Reached XP level 8. HP: 49/49 MP: 8/8
  3623 | D:5      | Noticed Sigmund
  3637 | D:5      | Killed Sigmund
  3637 | D:5      | Reached skill level 9 in Maces & Flails
  3647 | D:5      | Noticed Menkaure
  3661 | D:5      | Slain by Menkaure

Skill      XL: |  1  2  3  4  5  6  7  8 |
---------------+-------------------------+-----
Maces & Flails | 4 5 7 8 9 |  9.0
Fighting       | 4 5 |  5.4
Armour         | |  2.1
Dodging        | |  1.5

Action                   |  1- 3 |  4- 6 |  7- 9 || total
-------------------------+-------+-------+-------++-------
Melee: Mace              |   102 |   220 |    66 ||   388
Invok: Berserk           |     1 |     2 |     3 ||     6
       Trog's Hand       |       |     2 |     2 ||     4
  Use: Scroll            |       |       |     6 ||     6
  Eat: Chunk             |       |    10 |     6 ||    16
Armor: Animal skin       |    13 |       |       ||    13
       Ring mail         |    22 |   125 |       ||   147
       Leather armour    |       |     8 |    32 ||    40
Dodge: Dodged            |    93 |   162 |    28 ||   283
